 Dungeon Crawl Stone Soup version 0.28.0-45-g0d030f2227 (webtiles) character file.

Game seed: 13450102498956660227

14891 Jerry the Basher (level 11, -7/111 HPs)
             Began as a Troll Berserker on Mar 29, 2022.
             Was a High Priest of Trog.
             Engulfed by a smoke demon's steam (8 damage)
             ... summoned by an orc sorcerer
             ... led by an orc knight
             ... while paralysed by an orc sorcerer
             ... on level 2 of the Orcish Mines on Mar 30, 2022.
             The game lasted 00:55:47 (13867 turns).

Jerry the Basher (Troll Berserker)                 Turns: 13867, Time: 00:55:48

Health: -7/111     AC:  6    Str: 30    XL:     11   Next: 94%
Magic:  0/10       EV:  1    Int:  7    God:    Trog [*****.]
Gold:   1300       SH:  0    Dex:  9    Spells: 10/10 levels left

rFire   . . .      SeeInvis +   m - +2 whip (freeze)
rCold   + + +      Faith    .   (no shield)
rNeg    . . .      Spirit   +   H - +1 robe {Will+}
rPois   +          Reflect  .   (helmet restricted)
rElec   .          Harm     .   j - +0 cloak {rCorr}
rCorr   +          Rampage  .   (gloves unavailable)
Will    +....                   (boots unavailable)
Stlth   +.........              D - amulet of Ajaomn {Spirit rC++ Str+3}
HPRegen 1.08/turn               s - ring "Fyur Owa" {rPois rC+ SInv}
MPRegen 0.12/turn               u - +4 ring of evasion

@: paralysed
A: large, unfitting armour, claws 3, regeneration 1, shaggy fur 1, tough skin 1
a: Renounce Religion, Berserk, Trog's Hand, Brothers in Arms


You were on level 2 of the Orcish Mines.
You worshipped Trog.
Trog was extremely pleased with you.
You visited 3 branches of the dungeon, and saw 14 of its levels.
You also visited: Gauntlet.

You collected 1665 gold pieces.
You spent 365 gold pieces at shops.

Inventory:

Hand Weapons
 d - a +1 whip of electrocution
 i - a +1 giant spiked club of freezing
 m - a +2 whip of freezing (weapon)
Missiles
 A - a curare-tipped dart (quivered)
Armour
 h - a +0 kite shield
 j - a +0 cloak of preservation (worn)
 B - a +1 robe of positive energy
 H - a +1 robe of willpower (worn)
Jewellery
 s - the ring "Fyur Owa" (left claw) {rPois rC+ SInv}
   (You bought it in a shop on level 4 of the Dungeon)

   [ring of see invisible]

   rC:        It protects you from cold.
   rPois:     It protects you from poison.
   SInv:      It lets you see invisible.
 u - a +4 ring of evasion (right claw)
 C - the ring of Fatrixob {rPois rC+ rN++ Stlth-}
   (You found it in a Gauntlet)

   [ring of protection from cold]

   rC:        It protects you from cold.
   rPois:     It protects you from poison.
   rN:        It greatly protects you from negative energy.
   Stlth:     It makes you less stealthy.
 D - the amulet of Ajaomn (around neck) {Spirit rC++ Str+3}
   (You found it in a Gauntlet)

   [amulet of guardian spirit]

   It causes incoming damage to be divided between your reserves of health and
   magic.
   Str:       It affects your strength (+3).
   rC:        It greatly protects you from cold.
Wands
 k - a wand of flame (25)
 p - a wand of paralysis (10)
 r - a wand of digging (3)
 x - a wand of mindburst (6)
 y - a wand of polymorph (11)
 z - a wand of charming (6)
 E - a wand of acid (5)
Scrolls
 a - 2 scrolls of identify
 b - 3 scrolls of fear
 c - 3 scrolls of teleportation
 f - 4 scrolls of noise
 t - a scroll of acquirement {unknown}
 w - a scroll of holy word
 G - a scroll of enchant weapon
Potions
 e - a potion of mutation
 g - 4 potions of curing
 l - a potion of berserk rage
 n - 4 potions of heal wounds
 o - a potion of magic
 q - 2 potions of cancellation {unknown}
 v - 2 potions of invisibility {unknown}
Miscellaneous
 F - a tin of tremorstones (2/2)


   Skills:
 + Level 8.1 Fighting
 * Level 13.2 Maces & Flails
 + Level 8.9 Dodging


You had 10 spell levels left.
You didn't know any spells.
Your spell library was empty.

Dungeon Overview and Level Annotations

Branches:
Dungeon (11/15)            Temple (1/1) D:6            Lair (0/6) D:11
    Orc (2/2) D:11            Elf (0/3) Orc:2       Gauntlet (visited)

Altars:
Ashenzari
Cheibriados
Dithmenos
Elyvilon
Fedhas
Gozag
Hepliaklqana
Kikubaaqudgha
Makhleb
Nemelex Xobeh
Okawaru
Qazlal
Ru
Sif Muna
Trog
Uskayaw
Vehumet
Wu Jian
Xom
Yredelemnul
Zin
The Shining One
Beogh

Shops:
D:2 [   D:4 =   D:5 ?   Orc:2 *[

Portals:
Trove: D:11 (give 5 scrolls of fear)


Innate Abilities, Weirdness & Mutations

You are too large for most types of armour.
You have claws for hands.
Your natural rate of healing is unusually fast.
You are covered in fur. (AC +1)
You have tough skin. (AC +1)


Message History

You hit the orc sorcerer. You freeze the orc sorcerer.
The orc sorcerer is severely wounded.
The orc sorcerer casts a spell at you. The bolt of negative energy misses you.
The orc warrior closely misses you. The smoke demon gestures at you.
The sticky flame hits you.
You are covered in liquid flames!
You hit the orc sorcerer. You freeze the orc sorcerer.
The orc sorcerer is severely wounded.
You are covered in liquid flames!
The orc hits you from afar with a +0 trident.
You hit the orc sorcerer but do no damage.
The orc sorcerer is severely wounded.
You are covered in liquid flames!
The orc sorcerer closely misses you.
The orc warrior hits you from afar with a +0 glaive!
The smoke demon misses you. The smoke demon closely misses you.
The smoke demon hits you but does no damage.
You closely miss the orc sorcerer.
The orc sorcerer is severely wounded.
You are covered in liquid flames!
You are no longer on fire.
The orc misses you.
You hit the orc sorcerer. You freeze the orc sorcerer.
The orc sorcerer is almost dead.
The orc sorcerer points at you and mumbles some strange words.
You suddenly lose the ability to move!
The orc warrior hits you from afar with a +0 glaive!
The smoke demon hits you but does no damage.
The smoke demon hits you.
The smoke demon hits you but does no damage.
The orc hits you from afar with a +0 trident.
The orc sorcerer hits you but does no damage.
The orc warrior hits you from afar with a +0 glaive!
* * * LOW HITPOINT WARNING * * *
The smoke demon gestures at you. The ball of steam hits you!!
* * * LOW HITPOINT WARNING * * *
You are engulfed in a cloud of scalding steam.
You die...

###### ###### #####
.....###....### ## .## ....#.
......#.......###o#..... .......
....<...........@)o..............
................3.o..............
.......#.........................
.................###.....#.......
................###..............
...###........#.####.##.>........
....#..................#.........
..........#########.............)
..........# #.#............


You could see a smoke demon (summoned), an orc sorcerer, an orc warrior and an
orc.

Vanquished Creatures
  A minotaur (Gauntlet)
  A two-headed ogre (D:10)
  An orc knight (Orc:2)
  4 orc sorcerers
  A moth of wrath (Gauntlet)
  Joseph (D:7)
  Psyche (D:9)
  3 kobold demonologists (D:9)
  2 trolls
  Prince Ribbit (D:6)
  A queen bee (Gauntlet)
  Grinder (D:5)
  A meliai zombie (D:8)
  Sigmund (D:4)
  A shadow (D:10)
  2 vampires
  2 wyverns
  5 yaks (D:10)
  A steam dragon (D:7)
  Menkaure (D:5)
  2 acid dragons (D:11)
  16 orc warriors
  2 sky beasts (D:6)
  A black bear (D:5)
  An ice beast (D:6)
  6 wolves (Gauntlet)
  2 necrophages
  9 ogres
  6 centaurs
  3 phantoms
  3 kobold brigands
  2 bullfrogs
  2 gnoll sergeants (D:6)
  3 scorpions (D:6)
  A water moccasin skeleton (D:4)
  12 killer bees
  7 howler monkeys
  A bullfrog zombie (D:6)
  2 hounds
  A gnoll shaman (D:6)
  9 orc priests
  A bullfrog skeleton (D:6)
  2 iguanas (D:7)
  Ijyb (D:4)
  15 orc wizards
  19 gnolls
  10 adders
  2 shadow imps
  4 white imps
  An ufetubus (D:7)
  9 dart slugs
  44 orcs
  7 bats
  8 endoplasms
  2 giant cockroaches (D:1)
  7 hobgoblins
  5 quokkas
  5 ball pythons
  3 frilled lizards
  5 goblins
  9 kobolds
  2 rats (D:3)
284 creatures vanquished.

Vanquished Creatures (others)
  18 plants (D:2)
18 creatures vanquished.

Grand Total: 302 creatures vanquished

Notes
Turn   | Place    | Note
-------+----------+-------------------------------------------
     0 | D:1      | Jerry the Troll Berserker began the quest for the Orb.
     0 | D:1      | Reached XP level 1. HP: 22/22 MP: 0/0
   232 | D:1      | Found a faded altar of an unknown god.
   232 | D:1      | Noticed a shining eye
   236 | D:1      | Noticed a great orb of eyes
   236 | D:1      | Noticed a golden eye
   236 | D:1      | Noticed a shining eye
   239 | D:1      | Reached skill level 3 in Maces & Flails
   361 | D:1      | Reached XP level 2. HP: 29/29 MP: 1/1
   772 | D:2      | Reached XP level 3. HP: 23/36 MP: 2/2
   811 | D:2      | Reached ** piety under Trog
  1089 | D:2      | Reached skill level 4 in Maces & Flails
  1089 | D:2      | Reached XP level 4. HP: 44/44 MP: 3/3
  1294 | D:2      | Found Yculakor's Antique Armour Shoppe.
  1681 | D:3      | Noticed a centaur
  1687 | D:3      | Killed a centaur
  1688 | D:3      | Reached XP level 5. HP: 50/50 MP: 4/4
  2312 | D:4      | Noticed a necrophage
  2322 | D:4      | Killed a necrophage
  2323 | D:4      | Reached skill level 5 in Maces & Flails
  2323 | D:4      | Reached XP level 6. HP: 59/59 MP: 5/5
  2605 | D:4      | Noticed Ijyb
  2626 | D:4      | Killed Ijyb
  2682 | D:4      | Found Voemmemo's Jewellery Boutique.
  2732 | D:4      | Found a hazy altar of Hepliaklqana.
  2733 | D:4      | Found a faded altar of an unknown god.
  2733 | D:4      | Noticed Sigmund
  2738 | D:4      | Killed Sigmund
  2739 | D:4      | Reached skill level 6 in Maces & Flails
  2739 | D:4      | Reached XP level 7. HP: 66/66 MP: 6/6
  3314 | D:5      | Entered Level 5 of the Dungeon
  3713 | D:5      | Noticed Grinder
  3725 | D:5      | Killed Grinder
  3726 | D:5      | Reached skill level 7 in Maces & Flails
  3726 | D:5      | Reached XP level 8. HP: 76/76 MP: 7/7
  3775 | D:5      | Found Gioshr Wiopn's Magic Scroll Shop.
  3962 | D:5      | Noticed Menkaure
  3979 | D:5      | Killed Menkaure
  3980 | D:5      | Reached skill level 5 in Dodging
  4397 | D:6      | Noticed Prince Ribbit
  4411 | D:6      | Killed Prince Ribbit
  4412 | D:6      | Reached skill level 8 in Maces & Flails
  4878 | D:6      | Reached XP level 9. HP: 84/85 MP: 8/8
  5076 | D:6      | Found a staircase to the Ecumenical Temple.
  5085 | Temple   | Entered the Ecumenical Temple
  5908 | D:6      | Reached *** piety under Trog
  5953 | D:6      | Reached skill level 9 in Maces & Flails
  6102 | D:7      | Reached skill level 5 in Fighting
  6700 | D:7      | Noticed Joseph
  6714 | D:7      | Killed Joseph
  7680 | D:8      | Reached skill level 10 in Maces & Flails
  7828 | D:4      | Bought the ring "Fyur Owa" {rPois rC+ SInv} for 365 gold
                  | pieces
  8459 | D:9      | Reached XP level 10. HP: 67/98 MP: 4/9
  8852 | D:9      | Noticed an orange demon
  8879 | D:9      | Noticed a sun demon
  8912 | D:9      | Noticed a smoke demon
  8913 | D:9      | Noticed a rust devil
  9243 | D:9      | Reached **** piety under Trog
  9255 | D:9      | Noticed Psyche
  9268 | D:9      | Killed Psyche
  9374 | D:9      | Reached skill level 11 in Maces & Flails
  9698 | D:10     | Entered Level 10 of the Dungeon
  9776 | D:10     | Noticed a two-headed ogre
  9785 | D:10     | Killed a two-headed ogre
  9957 | D:10     | Reached XP level 11. HP: 83/109 MP: 6/10
 10336 | D:10     | Noticed an orc sorcerer
 10434 | D:10     | Paralysed by an orc sorcerer for 5 turns
 10439 | D:10     | Killed an orc sorcerer
 10896 | D:11     | Found a gate leading to a gauntlet.
 10908 | Gauntlet | Entered a Gauntlet
 10908 | Gauntlet | Noticed a soul eater
 10908 | Gauntlet | Found a transporter.
 10908 | Gauntlet | Found a transporter.
 10929 | Gauntlet | Found a transporter.
 10930 | Gauntlet | Found a transporter.
 10938 | Gauntlet | Found a transporter.
 10942 | Gauntlet | Found a transporter.
 10945 | Gauntlet | Noticed a green death
 10950 | Gauntlet | Found a transporter.
 10964 | Gauntlet | Noticed a red ugly thing
 10966 | Gauntlet | Found a transporter.
 10966 | Gauntlet | Noticed a white ugly thing
 10966 | Gauntlet | Noticed a glowing orange brain
 10980 | Gauntlet | Found a transporter.
 10984 | Gauntlet | Found a transporter.
 10996 | Gauntlet | Found a transporter.
 10996 | Gauntlet | Found a transporter.
 11176 | Gauntlet | Reached skill level 12 in Maces & Flails
 11243 | Gauntlet | Identified the ring of Fatrixob {rPois rC+ rN++ Stlth-}
 11405 | Gauntlet | Identified the amulet of Ajaomn {Spirit rC++ Str+3}
 11440 | Gauntlet | Noticed a minotaur
 11459 | Gauntlet | Killed a minotaur
 11623 | D:11     | Found a sparkling altar of Nemelex Xobeh.
 11657 | D:11     | Found a staircase to the Orcish Mines.
 11664 | D:11     | Identified the +1 mace "Lutsiv" {drain, Int+3}
 11741 | D:11     | Found a staircase to the Lair.
 12041 | D:11     | Found a portal to a secret trove of treasure.
 12107 | Orc:1    | Entered Level 1 of the Orcish Mines
 12502 | Orc:2    | Entered Level 2 of the Orcish Mines
 12506 | Orc:2    | Found a staircase to the Elven Halls.
 12863 | Orc:2    | Found Viotrurhu's Armour Boutique.
 13015 | Orc:2    | Noticed an orc knight
 13042 | Orc:2    | Killed an orc knight
 13059 | Orc:2    | Upgraded the game from 0.28.0-43-g3370ac3207 to
                  | 0.28.0-45-g0d030f2227
 13200 | Orc:2    | Noticed an orc sorcerer
 13212 | Orc:2    | Found Yngaoquh's General Store.
 13215 | Orc:2    | Killed an orc sorcerer
 13386 | Orc:2    | Noticed an orc sorcerer
 13392 | Orc:2    | Killed an orc sorcerer
 13393 | Orc:2    | Reached skill level 13 in Maces & Flails
 13413 | Orc:2    | Noticed an orc knight
 13620 | Orc:2    | Reached ***** piety under Trog
 13840 | Orc:2    | Noticed an orc sorcerer
 13840 | Orc:2    | Noticed an orc sorcerer
 13854 | Orc:2    | Killed an orc sorcerer
 13865 | Orc:2    | Paralysed by an orc sorcerer for 4 turns
 13866 | Orc:2    | HP: 1/111 [smoke demon/ball of steam[an orc knight] (27)]
 13867 | Orc:2    | Engulfed by a smoke demon's steam

Illustrated notes

Levels and vault maps discovered:
D:1:      lightli_arrival_maybe_door_vault, layout_loops_cross,
          hellmonk_ecumenical_altar_watching_god, minmay_misc_feat_doors
D:2:      layout_loops_ring, serial_bayou, serial_bayou_lake_a,
          serial_bayou_crossing, serial_bayou_lagoon_a, serial_bayou_pond_e,
          serial_bayou_lagoon_b, serial_shops, nicolae_diamond_shop
D:3:      layout_loops_cross, chequers_decorated_corner
D:4:      layout_loops_ring, beargit_hepliaklqana_dungeon_heroes, serial_shops,
          shop_fountains, uniq_ijyb
D:5:      kennysheep_slugbush, layout_loops_ring, serial_shops,
          nicolae_shop_window_shopping, hangedman_decor_opposing, minivault_24,
          minmay_misc_feat_plants, uniq_menkaure, uniq_grinder
D:6:      layout_basic, minmay_temple_entry_gardened_gates, uniq_prince_ribbit1
D:7:      layout_basic, chequers_serial_rivers_micro_a, uniq_joseph
D:8:      layout_gridville
D:9:      layout_irregular_city, uniq_psyche
D:10:     cheibrodos_wizards_tower, layout_stronghold, minivault_25_ag
D:11:     layout_rooms, lair_entry_dummy, david_orc_2,
          nicolae_trove_entry_diagonal, gauntlet_entry_generic,
          nemelex_spade_bored_becter
Temple:   mainiacjoe_temple_starburst
Orc:1:    layout_caves
Orc:2:    grunt_orc_community_town_hall, layout_caves,
          grunt_orc_community_big_house_2, grunt_orc_community_big_house_2,
          grunt_orc_community_house_3, grunt_orc_community_house_3,
          grunt_orc_community_house_3, grunt_orc_community_house_1, basic_altar,
          serial_shops, shop

Skill      XL: |  1  2  3  4  5  6  7  8  9 10 11 |
---------------+----------------------------------+-----
Maces & Flails | 3 4 5 6 7 8 10 11 13 | 13.2
Dodging        | 3 4 5 6 7 8 |  8.9
Fighting       | 3 4 5 7 8 |  8.1

Action                   |  1- 3 |  4- 6 |  7- 9 | 10-12 || total
-------------------------+-------+-------+-------+-------++-------
Melee: Mace              |    49 |       |       |       ||    49
       Whip              |    79 |   124 |   386 |   736 ||  1325
       Punch             |     1 |     3 |     6 |     7 ||    17
       Unarmed           |       |       |       |     5 ||     5
Throw: Dart              |       |       |     3 |    21 ||    24
       Throwing net      |       |       |       |     3 ||     3
Invok: Berserk           |       |     3 |     8 |    12 ||    23
  Use: Scroll            |       |       |    12 |     4 ||    16
 Stab: Sleeping          |       |     1 |       |       ||     1
       Held in net/web   |       |       |       |     5 ||     5
Armor: Animal skin       |    50 |    28 |    71 |    30 ||   179
       Robe              |       |       |       |    56 ||    56
Dodge: Dodged            |    68 |    60 |   135 |   371 ||   634
